TOP OF THE 1ST |
Iowa State Cyclones batting - Pitching for Texas Tech Red Raiders : RHP Ronald Stone
|
Pitching: RHP Ronald Stone
|
|
Batting: LHB Dale Miller
|
0-0: Bunt missed! 0-1: Called Strike 0-2: Ball 1-2: Ball 2-2: Foul Ball, location: 2F 2-2: Strikes out swinging
|
Batting: RHB Arlen Jones
|
0-0: Ball 1-0: Ball 2-0: SINGLE (Groundball, 56D)
|
Batting: LHB Jerry Trent
|
0-0: Ball 1-0: Ball 2-0: Swinging Strike 2-1: Ball 3-1: Base on Balls Arlen Jones to second
|
Batting: RHB Steve Burton
|
0-0: Ball 1-0: Foul Ball, location: 2F 1-1: Ball 2-1: Fly out, F4 (Popup, 4)
|
Batting: RHB Fernando Garza
|
0-0: Ball 1-0: Swinging Strike 1-1: Swinging Strike 1-2: Fly out, F2 (Popup, 2LF)
|
Top of the 1st over - 0 run(s), 1 hit(s), 0 error(s), 2 left on base; Iowa State 0 - Texas Tech 0 |
BOTTOM OF THE 1ST |
Texas Tech Red Raiders batting - Pitching for Iowa State Cyclones : RHP Tim Hooper
|
Pitching: RHP Tim Hooper
|
|
Batting: RHB Travis Ezell
|
0-0: Ball 1-0: Called Strike 1-1: Foul Ball, location: 2F 1-2: Ball 2-2: Fly out, F9 (Line Drive, 89M)
|
Batting: SHB Andrés Cruz
|
0-0: Called Strike 0-1: Ball 1-1: Ball 2-1: Foul Ball, location: 2F 2-2: Ground out U3 (Groundball, 3)
|
Batting: RHB Mark Joseph
|
0-0: Called Strike 0-1: Called Strike 0-2: Foul Ball, location: 2F 0-2: Ground out 5-3 (Groundball, 5L)
|
Bottom of the 1st over - 0 run(s), 0 hit(s), 0 error(s), 0 left on base; Iowa State 0 - Texas Tech 0 |
TOP OF THE 2ND |
Iowa State Cyclones batting - Pitching for Texas Tech Red Raiders : RHP Ronald Stone
|
Batting: RHB Ira Ross
|
0-0: Ball 1-0: Swinging Strike 1-1: Ball 2-1: Swinging Strike 2-2: Ball 3-2: Foul Ball, location: 2F 3-2: Base on Balls
|
Batting: RHB Frank Latham
|
0-0: Ball 1-0: SINGLE (Line Drive, 78S) Ira Ross to second
|
Batting: RHB Robert Snyder
|
0-0: Ball 1-0: Swinging Strike 1-1: Ball 2-1: Ball 3-1: Called Strike 3-2: Foul Ball, location: 2F 3-2: Foul Ball, location: 2F 3-2: Strikes out swinging
|
Batting: RHB Arnold Hull
|
0-0: Ball 1-0: Called Strike 1-1: Ball 2-1: Ball 3-1: Foul Ball, location: 2F 3-2: Fly out, F7 (Flyball, 7M)
|
Batting: LHB Dale Miller
|
0-0: Swinging Strike 0-1: Fly out, F7 (Flyball, 78S)
|
Top of the 2nd over - 0 run(s), 1 hit(s), 0 error(s), 2 left on base; Iowa State 0 - Texas Tech 0 |
BOTTOM OF THE 2ND |
Texas Tech Red Raiders batting - Pitching for Iowa State Cyclones : RHP Tim Hooper
|
Batting: LHB Jeff Barnes
|
0-0: Foul Ball, location: 2F 0-1: Swinging Strike 0-2: Ball 1-2: SINGLE (Line Drive, 89S)
|
Batting: RHB Gary Miller
|
0-0: Ball 1-0: Ball 2-0: Swinging Strike 2-1: Ball 3-1: Base on Balls Jeff Barnes to second
|
Batting: SHB Mike Miller
|
0-0: Ball 1-0: Ball 2-0: Called Strike 2-1: Ball 3-1: Base on Balls Jeff Barnes to third Gary Miller to second
|
Batting: RHB Greg Hansen
|
0-0: Called Strike 0-1: Foul Ball, location: 2F 0-2: Ball 1-2: Foul Ball, location: 2F 1-2: Ball Wild Pitch! Jeff Barnes scores Gary Miller to third Mike Miller to second 2-2: Strikes out swinging
|
Batting: RHB Cameron Irwin
|
0-0: Fly out, F6 (Line Drive, 6)
|
Batting: RHB Josh Bergman
|
0-0: Ball 1-0: Called Strike 1-1: Ball 2-1: Called Strike 2-2: Ball 3-2: Strikes out swinging
|
Bottom of the 2nd over - 1 run(s), 1 hit(s), 0 error(s), 2 left on base; Iowa State 0 - Texas Tech 1 |
TOP OF THE 3RD |
Iowa State Cyclones batting - Pitching for Texas Tech Red Raiders : RHP Ronald Stone
|
Batting: RHB Arlen Jones
|
0-0: Ball 1-0: Called Strike 1-1: Fly out, F2 (Popup, 2RF)
|
Batting: LHB Jerry Trent
|
0-0: Ball 1-0: Called Strike 1-1: Foul Ball, location: 2F 1-2: SINGLE (Line Drive, 34)
|
Batting: RHB Steve Burton
|
0-0: SINGLE (Line Drive, 6MD) Jerry Trent to second
|
Batting: RHB Fernando Garza
|
0-0: Ball 1-0: Ball 2-0: Called Strike 2-1: Ball 3-1: Reached on error, E2 (Groundball, 2L) Jerry Trent to third Steve Burton to second
|
Batting: RHB Ira Ross
|
0-0: Ball 1-0: Fly out, F4 (Popup, 4)
|
Batting: RHB Frank Latham
|
0-0: Ball 1-0: Called Strike 1-1: Swinging Strike Single, Error in OF, E9, batter to second base Jerry Trent scores Steve Burton scores Fernando Garza to third
|
Batting: RHB Robert Snyder
|
0-0: Ball 1-0: Called Strike 1-1: Fly out, F8 (Flyball, 8RM)
|
Top of the 3rd over - 2 run(s), 3 hit(s), 2 error(s), 2 left on base; Iowa State 2 - Texas Tech 1 |
BOTTOM OF THE 3RD |
Texas Tech Red Raiders batting - Pitching for Iowa State Cyclones : RHP Tim Hooper
|
Batting: RHB Travis Ezell
|
0-0: Called Strike 0-1: Ball 1-1: Ball 2-1: Called Strike 2-2: Strikes out swinging
|
Batting: SHB Andrés Cruz
|
0-0: Swinging Strike 0-1: Ball 1-1: Foul Ball, location: 2F 1-2: Foul Ball, location: 2F 1-2: Ball 2-2: Strikes out swinging
|
Batting: RHB Mark Joseph
|
0-0: Ball 1-0: Called Strike 1-1: Ball 2-1: Ball 3-1: Base on Balls
|
Batting: LHB Jeff Barnes
|
0-0: Called Strike 0-1: Foul Ball, location: 2F 0-2: Fly out, F8 (Line Drive, 8RS)
|
Bottom of the 3rd over - 0 run(s), 0 hit(s), 0 error(s), 1 left on base; Iowa State 2 - Texas Tech 1 |
TOP OF THE 4TH |
Iowa State Cyclones batting - Pitching for Texas Tech Red Raiders : RHP Ronald Stone
|
Batting: RHB Arnold Hull
|
0-0: Ground out 5-3 (Groundball, 5)
|
Batting: LHB Dale Miller
|
0-0: Ball 1-0: Ball 2-0: Ball 3-0: Base on Balls
|
Batting: RHB Arlen Jones
|
0-0: Ball 1-0: Ball 2-0: Ball 3-0: Base on Balls Dale Miller to second
|
Pitching: RHP Juan Castro
|
|
Batting: LHB Jerry Trent
|
0-0: Swinging Strike 0-1: Fly out, F8 (Flyball, 8LM)
|
Batting: RHB Steve Burton
|
0-0: Called Strike 0-1: SINGLE (Groundball, 56S) Dale Miller to third Arlen Jones to second Runner from 3rd tries for Home, SAFE, no throw or cutoff
|
Batting: RHB Fernando Garza
|
0-0: Ball 1-0: Foul Ball, location: 2F 1-1: Foul Ball, location: 2F 1-2: Ball 2-2: DOUBLE (Line Drive, 7LM) Arlen Jones scores Steve Burton to third
|
Batting: RHB Ira Ross
|
0-0: Ball 1-0: Ball 2-0: Ball 3-0: Base on Balls
|
Batting: RHB Frank Latham
|
0-0: Called Strike 0-1: Foul Ball, location: 2F 0-2: Ground out 4-3 (Groundball, 34)
|
Top of the 4th over - 2 run(s), 2 hit(s), 0 error(s), 3 left on base; Iowa State 4 - Texas Tech 1 |
BOTTOM OF THE 4TH |
Texas Tech Red Raiders batting - Pitching for Iowa State Cyclones : RHP Tim Hooper
|
Batting: RHB Gary Miller
|
0-0: Foul Ball, location: 2F 0-1: Foul Ball, location: 2F 0-2: Ball 1-2: Foul Ball, location: 2F 1-2: Ball 2-2: Foul Ball, location: 2F 2-2: Ball 3-2: Fly out, F4 (Popup, 4MD)
|
Pitching: RHP Ángel Rodríguez
|
|
Batting: SHB Mike Miller
|
0-0: Ball 1-0: Swinging Strike 1-1: Ball 2-1: Foul Ball, location: 2F 2-2: Ball 3-2: Strikes out swinging
|
Batting: RHB Greg Hansen
|
0-0: Ball 1-0: Ball 2-0: Ground out 6-3 (Groundball, 6)
|
Bottom of the 4th over - 0 run(s), 0 hit(s), 0 error(s), 0 left on base; Iowa State 4 - Texas Tech 1 |
TOP OF THE 5TH |
Iowa State Cyclones batting - Pitching for Texas Tech Red Raiders : RHP Juan Castro
|
Batting: RHB Robert Snyder
|
0-0: Called Strike 0-1: Ball 1-1: Ball 2-1: Foul Ball, location: 2F 2-2: Foul Ball, location: 2F 2-2: Ball 3-2: Base on Balls
|
Batting: RHB Arnold Hull
|
0-0: Ball 1-0: Called Strike Robert Snyder steals 2nd base 1-1: Foul Ball, location: 2F 1-2: Fly out, F7 (Flyball, 8LM)
|
Batting: LHB Dale Miller
|
0-0: Swinging Strike 0-1: Foul Ball, location: 2F 0-2: Strikes out swinging
|
Batting: RHB Arlen Jones
|
0-0: Called Strike 0-1: Foul Ball, location: 2F 0-2: Ball 1-2: Strikes out swinging
|
Top of the 5th over - 0 run(s), 0 hit(s), 0 error(s), 1 left on base; Iowa State 4 - Texas Tech 1 |
BOTTOM OF THE 5TH |
Texas Tech Red Raiders batting - Pitching for Iowa State Cyclones : RHP Ángel Rodríguez
|
Batting: RHB Cameron Irwin
|
0-0: Ball 1-0: Fly out, F4 (Line Drive, 4M)
|
Batting: RHB Josh Bergman
|
0-0: Ball 1-0: Ground out 5-3 (Groundball, 56)
|
Batting: RHB Travis Ezell
|
0-0: Ball 1-0: Called Strike 1-1: Ball 2-1: Ball 3-1: Ground out 4-3 (Groundball, 4M)
|
Bottom of the 5th over - 0 run(s), 0 hit(s), 0 error(s), 0 left on base; Iowa State 4 - Texas Tech 1 |
TOP OF THE 6TH |
Iowa State Cyclones batting - Pitching for Texas Tech Red Raiders : RHP Juan Castro
|
Batting: LHB Jerry Trent
|
0-0: Swinging Strike 0-1: Foul Ball, location: 2F 0-2: Ball 1-2: SINGLE (Groundball, 6MD)
|
Batting: RHB Steve Burton
|
0-0: Ball 1-0: Ball Jerry Trent steals 2nd base 2-0: Ground out 6-3 (Groundball, 6)
|
Pitching: RHP César Martínez
|
|
Batting: RHB Fernando Garza
|
0-0: Ball 1-0: Ball 2-0: Ball 3-0: Base on Balls
|
Batting: RHB Ira Ross
|
0-0: Called Strike 0-1: Called Strike 0-2: Ball 1-2: Strikes out looking
|
Batting: RHB Frank Latham
|
0-0: Swinging Strike 0-1: Ball 1-1: Ground out 4-3 (Groundball, 34)
|
Top of the 6th over - 0 run(s), 1 hit(s), 0 error(s), 2 left on base; Iowa State 4 - Texas Tech 1 |
BOTTOM OF THE 6TH |
Texas Tech Red Raiders batting - Pitching for Iowa State Cyclones : RHP Ángel Rodríguez
|
Batting: SHB Andrés Cruz
|
0-0: Called Strike 0-1: Ball 1-1: Called Strike 1-2: Ball 2-2: Foul Ball, location: 2F 2-2: Ball 3-2: Foul Ball, location: 2F 3-2: Base on Balls
|
Batting: RHB Mark Joseph
|
0-0: Ball 1-0: Called Strike 1-1: Ball 2-1: Ball 3-1: Base on Balls Andrés Cruz to second
|
Batting: LHB Jeff Barnes
|
0-0: Fielders Choice at 2nd, 4-6 (Groundball, 34) Andrés Cruz to third
|
Batting: RHB Gary Miller
|
0-0: Ball 1-0: Ball 2-0: Swinging Strike 2-1: Ball 3-1: Foul Ball, location: 2F 3-2: SINGLE (Line Drive, 56D) Andrés Cruz scores Jeff Barnes to second
|
Batting: SHB Mike Miller
|
0-0: Ball 1-0: SINGLE (Line Drive, 9S) Jeff Barnes to third Gary Miller to second Runner from 3rd tries for Home, SAFE, throw made home Gary Miller to third Mike Miller to second
|
Batting: RHB Greg Hansen
|
0-0: Ball 1-0: Called Strike 1-1: Foul Ball, location: 2F 1-2: Fly out, F8 (Flyball, 8LM) Runner from 3rd tags up, SCORES, no throw
|
Pitching: RHP Richard Lee
|
|
Batting: RHB Cameron Irwin
|
0-0: Ball 1-0: Fly out, F9 (Flyball, 9M)
|
Bottom of the 6th over - 3 run(s), 2 hit(s), 0 error(s), 1 left on base; Iowa State 4 - Texas Tech 4 |
TOP OF THE 7TH |
Iowa State Cyclones batting - Pitching for Texas Tech Red Raiders : RHP César Martínez
|
Batting: RHB Robert Snyder
|
0-0: Fly out, F8 (Line Drive, 8LM)
|
Batting: RHB Arnold Hull
|
0-0: Ball 1-0: Fly out, F3 (Popup, 3S)
|
Batting: LHB Dale Miller
|
0-0: Ball 1-0: Ball 2-0: Called Strike 2-1: Ground out U3 (Groundball, 3)
|
Top of the 7th over - 0 run(s), 0 hit(s), 0 error(s), 0 left on base; Iowa State 4 - Texas Tech 4 |
BOTTOM OF THE 7TH |
Texas Tech Red Raiders batting - Pitching for Iowa State Cyclones : RHP Richard Lee
|
Batting: RHB Josh Bergman
|
0-0: Ground out 6-3 (Groundball, 6M)
|
Batting: RHB Travis Ezell
|
0-0: Foul Ball, location: 2F 0-1: Swinging Strike 0-2: Foul Ball, location: 2F 0-2: Foul Ball, location: 2F 0-2: Ball 1-2: Ball 2-2: SINGLE (Flyball, 34D)
|
Batting: SHB Andrés Cruz
|
0-0: Ball 1-0: Foul Ball, location: 2F 1-1: Ball 2-1: Ball 3-1: Base on Balls Travis Ezell to second
|
Batting: RHB Mark Joseph
|
0-0: Grounds into double play, 5-4-3 (Groundball, 5)
|
Bottom of the 7th over - 0 run(s), 1 hit(s), 0 error(s), 1 left on base; Iowa State 4 - Texas Tech 4 |
TOP OF THE 8TH |
Iowa State Cyclones batting - Pitching for Texas Tech Red Raiders : RHP César Martínez
|
Batting: RHB Arlen Jones
|
0-0: Called Strike 0-1: Ground out 5-3 (Groundball, 56)
|
Pitching: RHP Rafael Cervantes
|
|
Batting: LHB Jerry Trent
|
0-0: SINGLE (Line Drive, 9LS)
|
Batting: RHB Steve Burton
|
0-0: Ball 1-0: Ball 2-0: Foul Ball, location: 2F 2-1: Ball 3-1: Called Strike 3-2: Foul Ball, location: 2F 3-2: Foul Ball, location: 2F 3-2: Base on Balls Jerry Trent to second
|
Batting: RHB Fernando Garza
|
0-0: Called Strike Jerry Trent steals 3rd base Steve Burton to second 0-1: Ball 1-1: Intentional Walk
|
Batting: RHB Ira Ross
|
0-0: Ball 1-0: Ball 2-0: Ball 3-0: Foul Ball, location: 2F 3-1: Base on Balls Jerry Trent scores Steve Burton to third Fernando Garza to second
|
Batting: RHB Frank Latham
|
0-0: Ball 1-0: Ball 2-0: Swinging Strike 2-1: Swinging Strike 2-2: Foul Ball, location: 2F 2-2: Ball 3-2: Foul Ball, location: 2F 3-2: Strikes out looking
|
Batting: RHB Robert Snyder
|
0-0: Called Strike 0-1: Ball 1-1: Called Strike 1-2: Fly out, F7 (Line Drive, 7M)
|
Top of the 8th over - 1 run(s), 1 hit(s), 0 error(s), 3 left on base; Iowa State 5 - Texas Tech 4 |
BOTTOM OF THE 8TH |
Texas Tech Red Raiders batting - Pitching for Iowa State Cyclones : RHP Richard Lee
|
Pitching: LHP Raúl Rivas
|
|
Now in LF: José Acuña
|
|
Batting: LHB Jeff Barnes
|
0-0: Ball 1-0: Foul Ball, location: 2F 1-1: Ball 2-1: Ball 3-1: Base on Balls
|
Pitching: RHP Lonnie Miller
|
|
Batting: RHB Gary Miller
|
0-0: Ball 1-0: Ball 2-0: Ball 3-0: Called Strike 3-1: Foul Ball, location: 2F 3-2: Fly out, F2 (Popup, 2LF)
|
Batting: SHB Mike Miller
|
0-0: Called Strike 0-1: Swinging Strike 0-2: Ball 1-2: Strikes out swinging
|
Batting: RHB Greg Hansen
|
0-0: Fly out, F6 (Popup, 7S)
|
Bottom of the 8th over - 0 run(s), 0 hit(s), 0 error(s), 1 left on base; Iowa State 5 - Texas Tech 4 |
TOP OF THE 9TH |
Iowa State Cyclones batting - Pitching for Texas Tech Red Raiders : RHP Rafael Cervantes
|
Pitching: RHP Javier Carrillo
|
|
Batting: RHB Arnold Hull
|
0-0: Ball 1-0: Swinging Strike 1-1: Swinging Strike 1-2: Strikes out swinging
|
Batting: LHB Dale Miller
|
0-0: Foul Ball, location: 2F 0-1: Called Strike 0-2: Strikes out swinging
|
Batting: RHB Arlen Jones
|
0-0: Ball 1-0: Ball 2-0: Ball 3-0: Base on Balls
|
Batting: LHB Jerry Trent
|
0-0: Ball 1-0: Called Strike 1-1: Ball 2-1: Ball 3-1: Base on Balls Arlen Jones to second
|
Batting: RHB Steve Burton
|
0-0: Ball 1-0: Ball 2-0: Foul Ball, location: 2F 2-1: Called Strike 2-2: Foul Ball, location: 2F 2-2: Ball 3-2: Base on Balls Arlen Jones to third Jerry Trent to second
|
Batting: RHB Fernando Garza
|
0-0: Called Strike 0-1: Foul Ball, location: 2F 0-2: Ball 1-2: SINGLE (Line Drive, 56D) Arlen Jones scores Jerry Trent to third Steve Burton to second Runner from 3rd tries for Home, SAFE, no throw or cutoff
|
Batting: RHB Ira Ross
|
0-0: Called Strike 0-1: Foul Ball, location: 2F 0-2: Ball 1-2: Ball 2-2: Ball 3-2: Foul Ball, location: 2F 3-2: Foul Ball, location: 2F 3-2: Foul Ball, location: 2F 3-2: Strikes out swinging
|
Top of the 9th over - 2 run(s), 1 hit(s), 0 error(s), 2 left on base; Iowa State 7 - Texas Tech 4 |
BOTTOM OF THE 9TH |
Texas Tech Red Raiders batting - Pitching for Iowa State Cyclones : RHP Lonnie Miller
|
Pitching: LHP Tom Martin
|
|
Batting: RHB Cameron Irwin
|
0-0: Called Strike 0-1: Ball 1-1: Ball 2-1: Ball 3-1: Foul Ball, location: 2F 3-2: Strikes out swinging
|
Batting: RHB Josh Bergman
|
0-0: Called Strike 0-1: Foul Ball, location: 2F 0-2: Ball 1-2: Strikes out swinging
|
Batting: RHB Travis Ezell
|
0-0: Fly out, F9 (Flyball, 89M)
|
Bottom of the 9th over - 0 run(s), 0 hit(s), 0 error(s), 0 left on base; Iowa State 7 - Texas Tech 4 |
|